 Dungeon Crawl Stone Soup version 0.26-a0-863-g3bff4b215c (webtiles) character file.

Game seed: 4281053033798150611

527 iamoutofideas the Firebug (level 7, 37/37 HPs)
             Began as a Deep Elf Fire Elementalist on Nov 25, 2020.
             Was an Initiate of Gozag.
             Quit the game on level 5 of the Dungeon.
             The game lasted 00:05:13 (6314 turns).

iamoutofideas the Firebug (DEFE)                    Turns: 6314, Time: 00:05:14

Health: 37/37      AC:  4    Str:  5    XL:     7   Next: 3%
Magic:  16/16      EV: 13    Int: 22    God:    Gozag
Gold:   272        SH:  0    Dex: 15    Spells: 7/16 levels left

rFire    . . .     SeeInvis .   e - +2 dagger (venom)
rCold    . . .     Faith    .   (no shield)
rNeg     . . .     Spirit   .   a - +2 robe
rPois    .         Reflect  .   (no helmet)
rElec    .         Harm     .   (no cloak)
rCorr    .         Rampage  .   (no gloves)
MR       .....                  (no boots)
Stlth    ++........             (no amulet)
HPRegen  0.12/turn              (no ring)
MPRegen  0.15/turn              (no ring)

@: no status effects
A: no striking features
a: Potion Petition, Call Merchant, Bribe Branch, Renounce Religion


You were on level 5 of the Dungeon.
You worshipped Gozag.
Gozag was aware of your devotion.
You visited 2 branches of the dungeon, and saw 6 of its levels.

You collected 340 gold pieces.
You paid 68 gold pieces to Gozag.

Inventory:

Hand Weapons
 e - a +2 dagger of venom (weapon)
Armour
 a - a +2 robe (worn)
 g - a +2 leather armour of magic resistance
Jewellery
 d - an uncursed ring of flight
 f - an uncursed amulet of the acrobat {unknown}
Scrolls
 c - 3 scrolls of identify
 h - a scroll of enchant weapon
 i - a scroll of fog
 n - a scroll of teleportation {unknown}
 p - a scroll of remove curse
Potions
 b - a potion of haste {unknown}
 j - 2 potions of berserk rage {unknown}
 k - a potion of flight
 l - 2 potions of curing
 m - a potion of magic {unknown}
 o - a potion of mutation {unknown}


   Skills:
 + Level 0.5 Fighting
 - Level 0.3 Short Blades
 + Level 2.9 Dodging
 + Level 3.5 Stealth
 + Level 5.2 Spellcasting
 * Level 4.4 Conjurations
 * Level 5.8 Fire Magic


You had 7 spell levels left.
You knew the following spells:

 Your Spells              Type           Power        Failure   Level
a - Foxfire               Conj/Fire      ####         1%          1
b - Conjure Flame         Conj/Fire      ####....     3%          3
c - Fireball              Conj/Fire      ####......   32%         5

Your spell library contained the following spells:

 Spells                   Type           Power        Failure   Level
 Inner Flame              Hex/Fire       ###.....     9%          3
 Sticky Flame             Conj/Fire      ####....     12%         4


Dungeon Overview and Level Annotations

Branches:
Dungeon (5/15)             Temple (1/1) D:4

Altars:
Ashenzari
Dithmenos
Elyvilon
Gozag
Hepliaklqana
Nemelex Xobeh
Qazlal
Ru
Trog
Uskayaw
Zin
The Shining One


Message History

HP restored.
You now have 259 gold pieces (gained 5).
You see here a +0 flail.
As you open the door, it creaks loudly!
There is an open door here.
c - 2 scrolls of identify (gained 1)
You now have 272 gold pieces (gained 13).
c - 3 scrolls of identify (gained 1)
f - a triangular peridot amulet No target in view!
A howler monkey comes into view.
Found 20 stones.
A howler monkey is nearby!
A howler monkey is nearby!
Found 10 gold pieces.
You see here 20 stones.
Are you sure you want to abandon this character and quit the game? (Confirm with "yes".)
Okay, then.
Unknown command.
Are you sure you want to abandon this character and quit the game? (Confirm with "yes".)

#........####
#...........#
...########.#
............#
....#########
......#.....# #########
....#.#.###.# #.......#
.##.#.#.# #.# #.#####.#
.##.#.#.# #.# #@# #.#
..#.#.#.# #.##$.h# #.#
#.#.#.#.# #.###### #.#
....#.#.###...########.##
##.##+#.................#
#..........#.###########
##.....###.#.#
#.........#.#
#....######.#


You could see a howler monkey (asleep).

Vanquished Creatures
  Eustachio (D:4)
  A gnoll sergeant (D:5)
  2 scorpions (D:4)
  2 worker ants (D:4)
  Terence (D:3)
  6 gnolls
  2 adders
  4 worms
  6 leopard geckos
  9 orcs
  2 giant cockroaches
  8 goblins
  5 hobgoblins
  5 jackals
  8 kobolds
  9 bats
  2 frilled lizards
  8 rats
81 creatures vanquished.

Vanquished Creatures (others)
  343 foxfires
343 creatures vanquished.

Grand Total: 424 creatures vanquished

Notes
Turn   | Place    | Note
-------+----------+-------------------------------------------
     0 | D:1      | iamoutofideas the Deep Elf Fire Elementalist began the
                  | quest for the Orb.
     0 | D:1      | Reached XP level 1. HP: 10/10 MP: 6/6
   516 | D:1      | Reached XP level 2. HP: 9/15 MP: 4/8
  1750 | D:2      | Reached XP level 3. HP: 14/19 MP: 5/9
  2765 | D:2      | Found a shadowy altar of Dithmenos.
  3244 | D:2      | Learned a level 3 spell: Conjure Flame
  3260 | D:3      | Noticed Terence
  3265 | D:3      | Killed Terence
  3266 | D:3      | Reached XP level 4. HP: 24/24 MP: 6/11
  3820 | D:3      | Found a sparkling altar of Nemelex Xobeh.
  4416 | D:4      | Reached XP level 5. HP: 20/28 MP: 4/13
  4595 | D:4      | Found a staircase to the Ecumenical Temple.
  4634 | Temple   | Entered the Ecumenical Temple
  4717 | Temple   | Became a worshipper of Gozag Ym Sagoz the Greedy
  4964 | D:4      | Noticed Eustachio
  4969 | D:4      | Reached skill level 5 in Fire Magic
  5173 | D:3      | Learned a level 5 spell: Fireball
  5294 | D:4      | Reached XP level 6. HP: 20/32 MP: 14/14
  5584 | D:4      | Killed Eustachio
  5585 | D:4      | Reached skill level 5 in Spellcasting
  6017 | D:5      | Entered Level 5 of the Dungeon
  6026 | D:5      | HP: 1/33 [gnoll sergeant/cursed -1 spear (7)]
  6049 | D:5      | Reached XP level 7. HP: 26/37 MP: 6/16
  6314 | D:5      | Quit the game

Illustrated notes

Levels and vault maps discovered:
D:1:      dpeg_cavernosity, layout_basic
D:2:      layout_basic, nicolae_dithmenos_through_a_glass_darkly, minmay_tall_x
D:3:      layout_basic, lemuel_doored_altar, uniq_terence
D:4:      kennysheep_big_flooded_room, layout_loops_ring,
          minmay_temple_entry_overgrown, uniq_eustachio
D:5:      minmay_diamond_boxcup, layout_basic, minmay_small_thing
Temple:   eino_wide_crystal_templ

Skill      XL: |  1  2  3  4  5  6 |
---------------+-------------------+-----
Conjurations   | 2 3 4 |  4.4
Fire Magic     | 4 5 |  5.8
Spellcasting   | 4 5 |  5.2
Stealth        | 3 |  3.5
Fighting       | |  0.5
Short Blades   | |  0.3
Dodging        | |  2.9

Action                   |  1- 3 |  4- 6 |  7- 9 || total
-------------------------+-------+-------+-------++-------
Melee: Dagger            |    24 |    17 |     1 ||    42
 Cast: Foxfire           |   127 |   103 |     5 ||   235
       Conjure Flame     |       |     1 |       ||     1
  Use: Potion            |     3 |     3 |       ||     6
       Scroll            |     2 |     7 |       ||     9
 Stab: Sleeping          |     4 |     3 |       ||     7
Armor: Robe              |    12 |     6 |     1 ||    19
       Skin              |     5 |       |       ||     5
Dodge: Dodged            |    46 |    53 |     3 ||   102

Table legend: (Time is in decaauts)
 A = Elapsed time spent in this place.
 B = Non-inter-level travel time spent in this place.
 C = Inter-level travel time spent in this place.
 D = Time resting spent in this place.
 E = Time spent auto-exploring this place.
 F = Levels seen in this place.
 G = Mean time per level.
                   A        B        C        D        E       F      G
               +--------+--------+--------+--------+--------+-----+--------+
         Total |   6315 |   6147 |    168 |    976 |   4478 |   6 | 1052.5 |
       Dungeon |   6216 |   6065 |    151 |    976 |   4398 |   5 | 1243.2 |
        Temple |     98 |     81 |     17 |      0 |     80 |   1 |   98.0 |
               +--------+--------+--------+--------+--------+-----+--------+

Top non-repeatable levels by time:
     D:2: 1634 daAuts
     D:1: 1624 daAuts
     D:3: 1395 daAuts
     D:4: 1277 daAuts
     D:5: 285 daAuts
  Temple: 98 daAuts
